 Dungeon Crawl Stone Soup version 0.28-a0-425-gd0eccab798 (webtiles) character file.

Game seed: 11764811149980900178

89 robertstho the Chopper (level 4, -3/41 HPs)
             Began as a Minotaur Berserker on Sept 9, 2021.
             Was a Believer of Trog.
             Killed from afar by Ijyb (40 damage)
             ... with a bolt of acid
             ... on level 3 of the Dungeon.
             The game lasted 00:02:20 (2497 turns).

robertstho the Chopper (Minotaur Berserker)         Turns: 2497, Time: 00:02:20

Health: -3/41      AC:  9    Str: 21    XL:     4   Next: 31%
Magic:  3/3        EV:  5    Int:  5    God:    Trog [**....]
Gold:   70         SH:  6    Dex: 10    Spells: 3/3 levels left

rFire   . . .      SeeInvis .   a - +1 hand axe
rCold   . . .      Faith    .   i - +0 kite shield
rNeg    + . .      Spirit   .   o - +0 chain mail
rPois   .          Reflect  .   (helmet restricted)
rElec   .          Harm     .   (no cloak)
rCorr   .          Rampage  .   (no gloves)
Will    .....                   (no boots)
Stlth   ..........              (no amulet)
HPRegen 0.13/turn               e - ring of positive energy
MPRegen 0.08/turn               (no ring)

@: no status effects
A: horns 2, retaliatory headbutt
a: Renounce Religion, Berserk, Trog's Hand


You were on level 3 of the Dungeon.
You worshipped Trog.
Trog was pleased with you.
You visited 1 branch of the dungeon, and saw 3 of its levels.

You collected 135 gold pieces.
You spent 65 gold pieces at shops.

Inventory:

Hand Weapons
 a - a +1 hand axe (weapon)
Armour
 i - a +0 kite shield (worn)
 o - a +0 chain mail (worn)
Jewellery
 e - a ring of positive energy (left hand)
Scrolls
 b - a scroll of enchant armour {unknown}
 c - 2 scrolls of blinking
 k - 2 scrolls of immolation {unknown}
 l - a scroll of identify {unknown}
 m - a scroll of acquirement {unknown}
 n - a scroll of brand weapon {unknown}
 p - a scroll of vulnerability {unknown}
Potions
 d - a potion of flight {unknown}
 f - 2 potions of curing {unknown}
 g - a potion of mutation {unknown}
 j - 2 potions of haste {unknown}
 q - a potion of lignification {unknown}


   Skills:
 * Level 4.7 Fighting
 + Level 4.8 Axes
 * Level 3.2 Armour
 + Level 2.4 Dodging
 + Level 0.1 Shields


You had 3 spell levels left.
You didn't know any spells.
Your spell library was empty.

Dungeon Overview and Level Annotations

Branches:
Dungeon (3/15)

Altars:

Shops:
D:2 !

Annotations:
D:2 Potion shop
D:3 Ijyb


Innate Abilities, Weirdness & Mutations

You have a pair of horns on your head.
You reflexively headbutt those who attack you in melee.


Message History

Items here: ( )) †.
Okay, then.
You now have 70 gold pieces (gained 5).
q - a fizzy silvery potion A rat comes into view.
The rat moves out of view.
A rat is nearby!
A rat is nearby!
A rat is nearby!
A rat is nearby!
A rat is nearby!
You slash the rat!
You kill the rat!
Trog accepts your kill.
No target in view!
No target in view!
No target in view!
No target in view!
No target in view!
No target in view!
No target in view!
No target in view!
No target in view!
No target in view!
You see here a rat corpse.
Found a ring mail.
Ijyb the Twisted Goblin comes into view.
She is wielding a +0 dagger and carrying a wand of acid (10).
Ijyb shouts!
Ijyb is nearby!
Ijyb is nearby!
Ijyb is nearby!
Ijyb zaps a wand.
The bolt of acid hits you!!
Ouch! That really hurt!
You feel much better.
Okay, then.
You aren't carrying any items that you can evoke.
Okay, then.
Ijyb zaps a wand.
The bolt of acid hits you!!!
Ouch! That really hurt!
You die...

....# #.## ..### #.# .##
#.# .#######.#
.##<(.##.# ......##.#
......##.######## #
.#.#.###........##.#####
.#.#.# ########.@..g....
.#.#.# #...........
.#.#.# #.####.#.###
.#.#.# #. .# # ##.#.# #
#


You could see Ijyb.

Vanquished Creatures
  An iguana (D:2)
  2 adders
  A worm (D:2)
  A dart slug (D:1)
  7 endoplasms
  A giant cockroach (D:1)
  3 goblins
  A hobgoblin (D:1)
  4 jackals (D:1)
  4 kobolds
  3 quokkas
  3 ball pythons
  3 bats
  A frilled lizard (D:1)
  5 rats
40 creatures vanquished.

Notes
Turn   | Place    | Note
-------+----------+-------------------------------------------
     0 | D:1      | robertstho the Minotaur Berserker began the quest for the
                  | Orb.
     0 | D:1      | Reached XP level 1. HP: 19/19 MP: 0/0
   340 | D:1      | Reached XP level 2. HP: 26/27 MP: 1/1
   603 | D:1      | Found a faded altar of an unknown god.
   621 | D:1      | Found a faded altar of an unknown god.
   959 | D:1      | Reached XP level 3. HP: 34/34 MP: 2/2
  1354 | D:2      | Found Emuweuts's Distillery.
  1363 | D:2      | Bought a potion of heal wounds for 65 gold pieces
  1500 | D:2      | Reached ** piety under Trog
  1771 | D:2      | Reached XP level 4. HP: 22/41 MP: 3/3
  2494 | D:3      | Noticed Ijyb
  2497 | D:3      | Killed from afar by Ijyb

Illustrated notes

Levels and vault maps discovered:
D:1:      dpeg_arrival_tiny_h, layout_loops_corners,
          hellmonk_ecumenical_altar_the_god_not_taken
D:2:      layout_loops_ring, serial_shops, shop, minmay_pentomino_z2
D:3:      layout_loops_ring, minmay_overflow_temple_hex,
          corexii_leaking_fountain, uniq_ijyb

Skill      XL: |  1  2  3 |
---------------+----------+-----
Fighting       | 4 |  4.7
Axes           | 4 |  4.8
Armour         | 3 |  3.2
Dodging        | |  2.4
Shields        | |  0.1

Action                   |  1- 3 |  4- 6 || total
-------------------------+-------+-------++-------
Melee: Hand axe          |    59 |    10 ||    69
       Headbutt          |    15 |       ||    15
Invok: Berserk           |     1 |       ||     1
  Use: Scroll            |     4 |       ||     4
       Potion            |       |     1 ||     1
 Stab: Sleeping          |     2 |       ||     2
Armor: Animal skin       |    11 |       ||    11
       Chain mail        |       |     1 ||     1
Dodge: Dodged            |    28 |     3 ||    31
Block: Kite shield       |     7 |     3 ||    10

Table legend: (Time is in decaauts)
 A = Elapsed time spent in this place.
 B = Non-inter-level travel time spent in this place.
 C = Inter-level travel time spent in this place.
 D = Time resting spent in this place.
 E = Time spent auto-exploring this place.
 F = Levels seen in this place.
 G = Mean time per level.
                   A        B        C        D        E       F      G
               +--------+--------+--------+--------+--------+-----+--------+
         Total |   2523 |   2466 |     57 |    192 |   1982 |   3 |  841.0 |
       Dungeon |   2523 |   2466 |     57 |    192 |   1982 |   3 |  841.0 |
               +--------+--------+--------+--------+--------+-----+--------+

Top non-repeatable levels by time:
     D:1: 1334 daAuts
     D:2: 823 daAuts
     D:3: 365 daAuts
